 Dungeon Crawl Stone Soup version 0.24.0-35-gdb84b6a5db (webtiles) character file.

Game seed: 14138808805097540671, levelgen mode: deterministic

15818 Iamsoldier the Thaumaturge (level 12, -5/94 HPs)
             Began as a Gnoll Skald on Nov 20, 2019.
             Was an Elder of Ashenzari.
             Slain by an elephant (11 damage)
             ... on level 3 of the Lair of Beasts.
             The game lasted 00:49:53 (14193 turns).

Iamsoldier the Thaumaturge (Gnoll Skald)           Turns: 14193, Time: 00:49:54

Health: -5/94      AC: 23    Str: 24    XL:     12   Next: 31%
Magic:  10/24      EV: 14    Int: 17    God:    Ashenzari [****..]
Gold:   657        SH:  0    Dex: 17    Spells: 16/28 levels left

rFire    . . .     SeeInvis +   a - +1 halberd (chop) (curse)
rCold    . . .     Gourm    .   (shield currently unavailable)
rNeg     . . .     Faith    .   J - +2 chain mail {MR+}
rPois    .         Spirit   .   p - +1 helmet (curse)
rElec    .         Reflect  .   w - +2 cloak (curse)
rCorr    .         Harm     .   D - +2 pair of gloves {Dex+3} (curse)
MR       +....     Clarity  +   (no boots)
Stlth    +.........             k - amulet of rage
HPRegen  1.25/turn              j - ring of wizardry
MPRegen  0.19/turn              K - +6 ring of strength (curse)

@: regenerating (expiring)
A: distributed training, fangs 1, strong nose
a: Curse Item, Scrying, Renounce Religion, Evoke Berserk Rage


You were on level 3 of the Lair of Beasts.
You worshipped Ashenzari.
Ashenzari was greatly pleased with you.
You were hungry.

You visited 3 branches of the dungeon, and saw 14 of its levels.
You also visited: Ossuary.

You collected 657 gold pieces.

Inventory:

Hand Weapons
 a - a cursed +1 halberd of chopping (weapon)
 m - a +0 spear
 n - a +2 hunting sling of velocity
 B - a +0 lajatang
Armour
 i - a scarf of spirit shield
 p - a cursed +1 helmet (worn)
 w - a cursed +2 cloak (worn)
 D - a cursed +2 pair of gloves of dexterity (worn)
 J - a +2 chain mail of magic resistance (worn)
Jewellery
 j - a ring of wizardry (left hand)
 k - an amulet of rage (around neck)
 s - an uncursed amulet of magic regeneration
 K - a cursed +6 ring of strength (right hand)
 N - an uncursed ring of wizardry
Wands
 y - a wand of iceblast (20)
 F - a wand of flame (37)
Scrolls
 e - a scroll of blinking
 l - a scroll of enchant armour
 o - 3 scrolls of immolation
 q - 6 scrolls of fog
 r - 6 scrolls of identify
 u - 2 scrolls of amnesia
 v - 5 scrolls of teleportation
 C - a scroll of fear
Potions
 b - 2 potions of curing
 c - 3 potions of brilliance
 f - 4 potions of heal wounds
 g - a potion of ambrosia
 h - a potion of lignification
 t - 2 potions of might
 x - 2 potions of mutation
 z - 2 potions of cancellation
 E - a potion of resistance
 G - 3 potions of flight
 H - a potion of berserk rage {unknown}
 M - a potion of invisibility {unknown}
 O - a potion of haste
Miscellaneous
 A - a phantom mirror
 I - a sack of spiders
Comestibles
 d - 23 rations


   Skills:
 + Level 8.5 Fighting
 + Level 7.0 Short Blades
 + Level 7.0 Long Blades
 + Level 7.0 Axes
 + Level 7.0 Maces & Flails
 + Level 8.5(12.9) Polearms
 + Level 7.0 Staves
 + Level 7.0 Slings
 + Level 7.0 Bows
 + Level 7.0 Crossbows
 + Level 7.0 Throwing
 + Level 7.5(11.0) Armour
 + Level 8.5 Dodging
 + Level 7.0 Stealth
 + Level 7.0 Shields
 + Level 7.0 Unarmed Combat
 + Level 8.7 Spellcasting
 + Level 5.8 Conjurations
 + Level 5.8 Hexes
 + Level 8.1 Charms
 + Level 5.8 Summonings
 + Level 5.8 Necromancy
 + Level 5.8 Translocations
 + Level 5.8 Transmutations
 + Level 5.8 Fire Magic
 + Level 5.8 Ice Magic
 + Level 5.8 Air Magic
 + Level 5.8 Earth Magic
 + Level 5.8 Poison Magic
 + Level 7.7 Invocations
 + Level 7.0 Evocations


You had 16 spell levels left.
You knew the following spells:

 Your Spells              Type           Power        Failure   Level  Hunger
a - Infusion              Chrm           ####         1%          1    None
b - Shroud of Golubria    Chrm/Tloc      ####..       1%          2    None
c - Spectral Weapon       Hex/Chrm       ####....     3%          3    #......
d - Regeneration          Chrm/Necr      ####......   3%          3    #......
e - Mephitic Cloud        Conj/Pois/Air  ####....     5%          3    #......

Your spell library contained the following spells:

 Spells                   Type           Power        Failure   Level  Hunger
 Sting                    Conj/Pois      ####         1%          1    None
 Song of Slaying          Chrm           #####...     1%          2    None
 Poisonous Vapours        Pois/Air       ####..       2%          2    None
 Olgreb's Toxic Radiance  Pois           ####....     17%         4    ###....
 Venom Bolt               Conj/Pois      ####......   43%         5    #####..


Dungeon Overview and Level Annotations

Branches:
Dungeon (10/15)            Temple (1/1) D:5            Lair (3/6) D:10
Ossuary (visited)
  Swamp: Lair:2-4    Shoals: Lair:2-4     Snake: Lair:2-4    Spider: Lair:2-4
    Orc: D:9-12

Altars:
Ashenzari
Cheibriados
Dithmenos
Elyvilon
Fedhas
Gozag
Hepliaklqana
Kikubaaqudgha
Makhleb
Nemelex Xobeh
Okawaru
Qazlal
Ru
Sif Muna
Trog
Uskayaw
Vehumet
Wu Jian
Xom
Yredelemnul
Zin
The Shining One

Shops:
D:8 }((

Annotations:
D:6 1 exclusion


Innate Abilities, Weirdness & Mutations

Your experience applies equally to all skills.
You have very sharp teeth.
Your uncanny sense of smell can sniff out nearby items.


Message History

* * * LOW HITPOINT WARNING * * *
The elephant trunk-slaps your spectral weapon.
Your spectral weapon fades away.
The elephant trumpets!
You hit the elephant.
The elephant is heavily wounded.
The elephant tramples you!
* * * LOW HITPOINT WARNING * * *
You stumble backwards!
Your shroud falls apart!
You hit the elephant. You bite the elephant.
The elephant is heavily wounded.
The elephant tramples you!
* * * LOW HITPOINT WARNING * * *
You stumble backwards!
You hit the elephant.
The elephant is severely wounded.
Your skin is crawling a little less now.
The elephant tramples you!
You die...

, , ..........,,,, ,,
,* , , , ,......... ,
, , , , .......P*,* ,*
, , , , ,, #.....## **
* ,,, , ,, , #.....* *
,, , ,, ,,. ,
#...##### .., ,, ,,,
,,....##...##..####...
, ,
,#....<............
,** , , ,
*#.##...@YY†......., *
, ,* #......#.###P...
,,,, #....P..##* . *
,,, ,,,,##.[.#.##* ,
** , ,, , {.....#.# ,,
, *, , ,,, ,..#...#..
,, , ,,, ,
...#......., , , ,,,
,, , .. ........ ,,
,,, ,* *** * ∆,, , , ,


You could see an elephant and a yak.

Vanquished Creatures
  A hydra (Lair:1)
  2 two-headed ogres
  Pikel (D:7)
  The ghost of Hyawatha the Shooter, a novice CeHu (D:9)
  A manticore (D:9)
  A centaur zombie (D:10)
  5 elephants (Lair:3)
  A black mamba (Lair:2)
  A gargoyle (D:10)
  Grinder (D:3)
  4 hippogriffs
  5 blink frogs
  Sigmund (D:2)
  7 yaks
  A wyvern (D:8)
  A hungry ghost (D:7)
  A soldier ant (D:10)
  A porcupine (Lair:1)
  3 water moccasins
  2 ice beasts (D:10)
  An eye of draining (D:8)
  2 sky beasts
  2 black bears (D:8)
  2 orc warriors
  A phantom (D:8)
  4 ogres
  6 wolves (Lair:2)
  3 centaurs
  5 crocodiles
  12 bullfrogs
  2 elf zombies (Ossuary)
  A water moccasin zombie (D:8)
  9 killer bees (D:10)
  10 wights
  3 electric eels (Lair:1)
  4 howler monkeys
  2 crimson imps (D:6)
  A quasit (D:8)
  A bullfrog zombie (D:7)
  A human zombie (Ossuary)
  4 jellies
  5 hounds
  5 orc priests
  A centaur skeleton (D:2)
  8 orc wizards
  4 bullfrog skeletons
  An iguana (D:6)
  Natasha (thrice) (D:3)
  Terence (D:3)
  9 worker ants
  An ogre zombie (D:8)
  3 hound zombies
  4 mummies (Ossuary)
  A howler monkey zombie (D:10)
  A worker ant zombie (D:6)
  Robin (D:3)
  14 gnolls
  4 adders
  3 shadow imps
  2 oozes
  3 adder zombies
  An adder skeleton (D:8)
  4 worms
  3 dart slugs
  6 leopard geckos
  37 orcs
  4 giant cockroaches
  14 goblins
  12 hobgoblins
  4 kobolds
  2 quokkas
  A ball python (D:2)
  6 bats
  A frilled lizard (D:2)
  A giant cockroach zombie (D:5)
  4 gnoll zombies
  A goblin zombie (Ossuary)
  A hobgoblin zombie (Ossuary)
  An orc zombie (Ossuary)
  A quokka skeleton (D:5)
  2 quokka zombies (D:6)
  2 rats
  A rat zombie (Ossuary)
  A plant (Lair:1)
301 creatures vanquished.

Vanquished Creatures (others)
  2 slaves (D:7)
  13 spectral weapons
15 creatures vanquished.

Grand Total: 316 creatures vanquished

Notes
Turn   | Place    | Note
-------+----------+-------------------------------------------
     0 | D:1      | Iamsoldier the Gnoll Skald began the quest for the Orb.
     0 | D:1      | Reached XP level 1. HP: 20/20 MP: 6/6
    97 | D:1      | Reached XP level 2. HP: 24/26 MP: 7/7
   588 | D:2      | Reached skill level 5 in Spellcasting
   588 | D:2      | Reached XP level 3. HP: 31/31 MP: 1/9
   592 | D:2      | Reached skill level 1 in Invocations
   749 | D:2      | Learned a level 2 spell: Shroud of Golubria
   753 | D:2      | Learned a level 3 spell: Spectral Weapon
   757 | D:2      | Learned a level 3 spell: Regeneration
   802 | D:2      | Reached skill level 1 in Short Blades
   802 | D:2      | Reached skill level 1 in Long Blades
   802 | D:2      | Reached skill level 1 in Axes
   802 | D:2      | Reached skill level 1 in Maces & Flails
   802 | D:2      | Reached skill level 1 in Staves
   802 | D:2      | Reached skill level 1 in Slings
   802 | D:2      | Reached skill level 1 in Bows
   802 | D:2      | Reached skill level 1 in Crossbows
   802 | D:2      | Reached skill level 1 in Throwing
   802 | D:2      | Reached skill level 1 in Stealth
   802 | D:2      | Reached skill level 1 in Shields
   802 | D:2      | Reached skill level 1 in Unarmed Combat
   802 | D:2      | Reached skill level 1 in Evocations
   944 | D:2      | Reached XP level 4. HP: 21/38 MP: 7/11
  1223 | D:2      | Reached skill level 1 in Conjurations
  1223 | D:2      | Reached skill level 1 in Hexes
  1223 | D:2      | Reached skill level 1 in Summonings
  1223 | D:2      | Reached skill level 1 in Necromancy
  1223 | D:2      | Reached skill level 1 in Translocations
  1223 | D:2      | Reached skill level 1 in Transmutations
  1223 | D:2      | Reached skill level 1 in Fire Magic
  1223 | D:2      | Reached skill level 1 in Ice Magic
  1223 | D:2      | Reached skill level 1 in Air Magic
  1223 | D:2      | Reached skill level 1 in Earth Magic
  1223 | D:2      | Reached skill level 1 in Poison Magic
  1223 | D:2      | Reached XP level 5. HP: 42/43 MP: 12/12
  1301 | D:2      | Found a glowing golden altar of the Shining One.
  1498 | D:2      | Noticed Sigmund
  1507 | D:2      | Killed Sigmund
  1507 | D:2      | Reached XP level 6. HP: 41/50 MP: 3/14
  1735 | D:3      | Found a sacrificial altar of Ru.
  1812 | D:3      | Noticed Natasha
  1818 | D:3      | Killed Natasha
  1818 | D:3      | Reached skill level 5 in Fighting
  1818 | D:3      | Reached skill level 5 in Polearms
  1818 | D:3      | Reached skill level 5 in Dodging
  1840 | D:3      | Noticed Robin
  1848 | D:3      | Killed Robin
  1863 | D:3      | Noticed Natasha
  2155 | D:3      | Killed Natasha
  2253 | D:3      | Noticed Natasha
  2260 | D:3      | Killed Natasha
  2260 | D:3      | Reached XP level 7. HP: 50/56 MP: 9/15
  2570 | D:3      | Noticed Grinder
  2572 | D:3      | Paralysed by Grinder for 2 turns
  2580 | D:3      | Killed Grinder
  2771 | D:3      | Noticed Terence
  2774 | D:3      | Killed Terence
  3141 | D:4      | Found a hazy altar of Hepliaklqana.
  3266 | D:4      | Reached XP level 8. HP: 63/63 MP: 16/16
  3274 | D:4      | Found a white marble altar of Elyvilon.
  3569 | D:5      | Entered Level 5 of the Dungeon
  3569 | D:5      | Found a staircase to the Ecumenical Temple.
  3580 | Temple   | Entered the Ecumenical Temple
  3772 | D:5      | Found a burning altar of Makhleb.
  4349 | Temple   | Became a worshipper of Ashenzari the Shackled
  4827 | D:6      | Found a sand-covered staircase.
  4834 | Ossuary  | Entered an ossuary
  5561 | D:6      | Found an iron altar of Okawaru.
  5562 | D:6      | Found an ornate altar of the Wu Jian Council.
  6096 | D:7      | Reached XP level 9. HP: 69/69 MP: 12/18
  6157 | D:7      | Reached * piety under Ashenzari
  6223 | D:7      | Noticed Pikel
  6236 | D:7      | Killed Pikel
  6607 | D:7      | Reached skill level 5 in Armour
  6948 | D:7      | Reached ** piety under Ashenzari
  7271 | D:8      | Found Qakhop's Gadget Shoppe.
  7461 | D:8      | Found a transporter.
  7465 | D:8      | Reached skill level 5 in Invocations
  7524 | D:8      | Found a transporter.
  7578 | D:8      | Reached XP level 10. HP: 20/77 MP: 13/20
  7999 | D:8      | Identified the cursed +0 hunting sling of the Salmon
                  | {venom, rPois rF+ MR+++ Str-2}
  8383 | D:8      | Found Vubac's Antique Weapon Shoppe.
  8412 | D:8      | Reached skill level 5 in Short Blades
  8412 | D:8      | Reached skill level 5 in Long Blades
  8412 | D:8      | Reached skill level 5 in Axes
  8412 | D:8      | Reached skill level 5 in Maces & Flails
  8412 | D:8      | Reached skill level 5 in Staves
  8412 | D:8      | Reached skill level 5 in Slings
  8412 | D:8      | Reached skill level 5 in Bows
  8412 | D:8      | Reached skill level 5 in Crossbows
  8412 | D:8      | Reached skill level 5 in Throwing
  8412 | D:8      | Reached skill level 5 in Stealth
  8412 | D:8      | Reached skill level 5 in Shields
  8412 | D:8      | Reached skill level 5 in Unarmed Combat
  8412 | D:8      | Reached skill level 5 in Evocations
  8423 | D:8      | Found a shadowy altar of Dithmenos.
  8511 | D:8      | Found Kiski's Weapon Shoppe.
  8821 | D:9      | Noticed a two-headed ogre
  8839 | D:9      | Killed a two-headed ogre
  9066 | D:9      | Found a blossoming altar of Fedhas.
  9069 | D:9      | Found a sparkling altar of Nemelex Xobeh.
  9113 | D:9      | Found a runed translucent door.
  9113 | D:9      | Noticed Hyawatha's ghost (novice CeHu)
  9113 | D:9      | Noticed a manticore
  9491 | D:9      | Learned a level 3 spell: Mephitic Cloud
  9893 | D:9      | Killed Hyawatha's ghost
  9904 | D:9      | Killed a manticore
 10196 | D:10     | Entered Level 10 of the Dungeon
 10202 | D:10     | Noticed a two-headed ogre
 10215 | D:10     | Killed a two-headed ogre
 10215 | D:10     | Reached XP level 11. HP: 63/84 MP: 16/22
 10540 | D:10     | Reached skill level 5 in Conjurations
 10540 | D:10     | Reached skill level 5 in Hexes
 10540 | D:10     | Reached skill level 5 in Summonings
 10540 | D:10     | Reached skill level 5 in Necromancy
 10540 | D:10     | Reached skill level 5 in Translocations
 10540 | D:10     | Reached skill level 5 in Transmutations
 10540 | D:10     | Reached skill level 5 in Fire Magic
 10540 | D:10     | Reached skill level 5 in Ice Magic
 10540 | D:10     | Reached skill level 5 in Air Magic
 10540 | D:10     | Reached skill level 5 in Earth Magic
 10540 | D:10     | Reached skill level 5 in Poison Magic
 10578 | D:10     | Reached *** piety under Ashenzari
 10624 | D:10     | Found a staircase to the Lair.
 11039 | Lair:1   | Entered Level 1 of the Lair of Beasts
 11144 | Lair:1   | Noticed a four-headed hydra
 11158 | Lair:1   | Killed a 14-headed hydra
 13276 | Lair:2   | Reached XP level 12. HP: 93/93 MP: 16/24
 13353 | Lair:2   | Reached **** piety under Ashenzari
 14118 | Lair:3   | Noticed an eight-headed hydra
 14193 | Lair:3   | Slain by an elephant

Levels and vault maps discovered:
D:1:      dpeg_arrival_round_c, layout_rooms
D:2:      layout_basic, tso_oasis_becter, first_ration, minmay_close_crescents,
          uniq_sigmund
D:3:      layout_loops_corners, lemuel_doored_altar, uniq_natasha, uniq_robin,
          uniq_grinder, uniq_terence
D:4:      layout_basic, overflow_temple_1_default, kennysheep_mini,
          serial_shops, shop, minmay_bisected, uniq_crazy_yiuf_cottage,
          uniq_ijyb
D:5:      layout_cave_pods, nicolae_overflow_hidden_temple,
          minmay_temple_entry_trees, minmay_hedge_maze
D:6:      nicolae_whirlpool, layout_loops_ring, gammafunk_temple_overflow_pools,
          enter_ossuary_4
D:7:      layout_layer_cave, uniq_pikel
D:8:      gammafunk_cloud_chamber, layout_gridville,
          lemuel_coloured_pillars_altar, serial_shops, nicolae_shop_crystal,
          kennysheep_little_box, nicolae_shop_stone
D:9:      layout_loops_corners, minitemple, ebering_ghost_inner_flame
D:10:     layout_loops_cross, lair_entry_dummy
Temple:   nicolae_temple_x_marks_the_god
Lair:1:   layout_cave_pods, infiniplex_staircase_pool, serial_bayou_shore_a
Lair:2:   layout_cave_shapes
Lair:3:   layout_gridlike, special_room, uniq_gastronok

Skill      XL: |  1  2  3  4  5  6  7  8  9 10 11 12 |
---------------+-------------------------------------+-----
Spellcasting   | 5 6 7 8 |  8.7
Invocations    | 1 2 3 4 5 6 7 |  7.7
Short Blades   | 1 2 3 4 5 6 7 |  7.0
Long Blades    | 1 2 3 4 5 6 7 |  7.0
Axes           | 1 2 3 4 5 6 7 |  7.0
Maces & Flails | 1 2 3 4 5 6 7 |  7.0
Staves         | 1 2 3 4 5 6 7 |  7.0
Slings         | 1 2 3 4 5 6 7 |  7.0
Bows           | 1 2 3 4 5 6 7 |  7.0
Crossbows      | 1 2 3 4 5 6 7 |  7.0
Throwing       | 1 2 3 4 5 6 7 |  7.0
Stealth        | 1 2 3 4 5 6 7 |  7.0
Shields        | 1 2 3 4 5 6 7 |  7.0
Unarmed Combat | 1 2 3 4 5 6 7 |  7.0
Evocations     | 1 2 3 4 5 6 7 |  7.0
Conjurations   | 1 2 3 4 5 |  5.8
Hexes          | 1 2 3 4 5 |  5.8
Summonings     | 1 2 3 4 5 |  5.8
Necromancy     | 1 2 3 4 5 |  5.8
Translocations | 1 2 3 4 5 |  5.8
Transmutations | 1 2 3 4 5 |  5.8
Fire Magic     | 1 2 3 4 5 |  5.8
Ice Magic      | 1 2 3 4 5 |  5.8
Air Magic      | 1 2 3 4 5 |  5.8
Earth Magic    | 1 2 3 4 5 |  5.8
Poison Magic   | 1 2 3 4 5 |  5.8
Armour         | 3 4 5 6 7 |  7.5
Fighting       | 5 6 7 8 |  8.5
Polearms       | 5 6 7 8 |  8.5
Dodging        | 5 6 7 8 |  8.5
Charms         | 6 7 8 |  8.1

Action                   |  1- 3 |  4- 6 |  7- 9 | 10-12 || total
-------------------------+-------+-------+-------+-------++-------
Melee: Spear             |    34 |       |       |       ||    34
       Bite              |     4 |     4 |    32 |    59 ||    99
       Halberd           |    11 |    82 |   317 |   423 ||   833
 Cast: Infusion          |     4 |       |       |       ||     4
       Spectral Weapon   |     2 |     6 |    29 |    57 ||    94
       Regeneration      |       |     2 |     7 |    17 ||    26
       Shroud of Golubri |       |     2 |     8 |    14 ||    24
Invok: Curse Item        |       |       |     2 |     3 ||     5
Evoke: Wand              |       |       |       |     2 ||     2
  Use: Scroll            |     7 |     1 |    13 |     8 ||    29
       Potion            |       |     2 |     6 |     1 ||     9
 Stab: Sleeping          |     2 |     3 |     4 |     6 ||    15
       Distracted        |       |       |     4 |     2 ||     6
  Eat: Chunk             |       |     5 |    13 |    20 ||    38
       Ration            |       |       |     2 |     1 ||     3
Armor: Leather armour    |     3 |       |   123 |    36 ||   162
       Robe              |       |     6 |     2 |       ||     8
       Chain mail        |       |       |       |   190 ||   190
Dodge: Dodged            |    27 |    62 |   361 |   299 ||   749
